 Dungeon Crawl Stone Soup version 0.22-a0-373-gab1296c (webtiles) character file.

2860 dstrtnsr the Skirmisher (level 9, 0/79 HPs)
             Began as a Centaur Earth Elementalist on Apr 24, 2018.
             Was a Believer of Cheibriados.
             Slain by a basilisk (9 damage)
             ... on level 8 of the Dungeon on Apr 25, 2018.
             The game lasted 00:38:05 (3704 turns).

dstrtnsr the Skirmisher (CeEE)                      Turns: 3704, Time: 00:38:06

Health: 0/79       AC: 11    Str: 16    XL:     9   Next: 47%
Magic:  4/13       EV: 10    Int: 22    God:    Cheibriados [**....]
Gold:   336        SH:  0    Dex: 15    Spells: 2/14 levels left

rFire    . . .     SeeInvis .   B - +1 short sword (freeze)
rCold    + + .     Gourm    .   (no shield)
rNeg     . . .     Faith    .   I - +0 steam dragon scales
rPois    .         Spirit   .   (no helmet)
rElec    .         Reflect  .   q - +0 cloak
rCorr    .         Harm     +   c - +1 pair of gloves
MR       +++..                  (no barding)
Stlth    +.........             f - amulet of Junom {Harm *Drain rC++ MR++ Slay+3}
HPRegen  0.23/turn              g - +3 ring of protection
MPRegen  0.13/turn              m - ring of protection from magic

@: slow
A: large, hooves 3, deformed body, speed 2, tough skin 3
a: Bend Time, Renounce Religion


You were on level 8 of the Dungeon.
You worshipped Cheibriados.
Cheibriados was pleased with you.
You were very hungry.

You visited 2 branches of the dungeon, and saw 9 of its levels.
You also visited: Ossuary.

You collected 385 gold pieces.
You spent 49 gold pieces at shops.

Inventory:

Hand Weapons
 a - a +2 dagger of venom
 j - a +0 short sword
 B - a +1 short sword of freezing (weapon)
Missiles
 s - 14 stones (quivered)
Armour
 c - a +1 pair of gloves (worn)
 q - a +0 cloak (worn)
 r - a +0 pair of gloves
 z - a +0 plate armour
 E - a +0 shield
 I - +0 steam dragon scales (worn)
Jewellery
 f - the amulet of Junom (around neck) {Harm *Drain rC++ MR++ Slay+3}
   (You found it on level 5 of the Dungeon)

   [amulet of harm]

   It increases damage dealt and taken.
   It affects your accuracy and damage with ranged weapons and melee attacks
   (+3).
   It greatly protects you from cold.
   It affects your resistance to hostile enchantments.
   It causes draining when unequipped.
 g - a +3 ring of protection (left hand)
 m - a ring of protection from magic (right hand)
Wands
 F - a wand of flame (16)
Scrolls
 e - a scroll of enchant weapon {unknown}
 h - a scroll of magic mapping {unknown}
 l - a scroll of blinking
 o - a scroll of immolation {unknown}
 x - a scroll of noise {unknown}
 y - a scroll of vulnerability {unknown}
 D - 2 scrolls of teleportation
 H - a scroll of amnesia {unknown}
Potions
 b - 2 potions of magic
 i - 2 potions of ambrosia
 n - 3 potions of curing {@q1}
 p - 2 potions of resistance
 u - a potion of berserk rage {unknown}
 v - 2 potions of flight
 w - 2 potions of might
 A - 2 potions of degeneration {!q}
 C - 2 potions of cancellation
 G - a potion of haste {!q}
Comestibles
 d - 15 rations {!d}


   Skills:
 - Level 7.1 Fighting
 + Level 3.2 Short Blades
 - Level 1.3 Dodging
 - Level 1.1 Stealth
 + Level 3.2 Spellcasting
 + Level 5.7 Transmutations
 + Level 5.6 Earth Magic
 - Level 4.0 Evocations


You had 2 spell levels left.
You knew the following spells:

 Your Spells              Type           Power        Failure   Level  Hunger
a - Sandblast             Erth           ####..       1%          1    None
b - Lee's Rapid Deconstr  Erth           ####......   32%         5    ######.
w - Passwall              Tmut/Erth      ####......   1%          2    ##.....
P - Petrify               Tmut/Erth      ####....     12%         4    ####...


Dungeon Overview and Level Annotations

Branches:
Dungeon (8/15)             Temple (1/1) D:4
   Lair: D:8-11

Altars:
Ashenzari
Cheibriados
Elyvilon
Fedhas
Kikubaaqudgha
Nemelex Xobeh
Qazlal
Ru
Vehumet
Yredelemnul
Zin
The Shining One

Shops:
D:6 [   D:7 [

Annotations:
D:5 exclusion: downstairs
D:6 1 runed door
D:7 Joseph


Innate Abilities, Weirdness & Mutations

You have hooves in place of feet.
Armour fits poorly on your strangely shaped body.
You cover ground very quickly.
You have extremely tough skin. (AC +3)


Message History

A basilisk comes into view.
Press: ? - help, v - describe, . - travel
Here: a basilisk (hasn't noticed you)
The floor.
The basilisk hisses angrily.
Unknown command.
Casting: Petrify (safe; 12% risk of failure)
Confirm with . or Enter, or press ? or * to list all spells.
You can't see any susceptible monsters within range! (Use Z to cast anyway.) Unknown command.
Casting: Petrify (safe; 12% risk of failure)
Confirm with . or Enter, or press ? or * to list all spells.
Aiming: Sandblast (safe; 1% risk of failure)
Press: ? - help, Shift-Dir - straight line, f - basilisk
Aim: a basilisk The blast of sand hits the basilisk.
The basilisk is heavily wounded.
s - 15 stones
Casting: Sandblast (safe; 1% risk of failure)
Confirm with . or Enter, or press ? or * to list all spells.
Aiming: Sandblast (safe; 1% risk of failure)
Press: ? - help, Shift-Dir - straight line, f/p - basilisk
Aim: a basilisk (moderately wounded)
The blast of sand misses the basilisk.
s - 14 stones You barely miss the basilisk.
The basilisk is moderately wounded.
The basilisk bites you but does no damage.
Unknown command.
You hit the basilisk but do no damage.
The basilisk is moderately wounded.
The basilisk gazes at you. You resist with almost no effort.
Unknown command.
You hit the basilisk. You freeze the basilisk.
You kick the basilisk, but do no damage.
The basilisk is heavily wounded.
You are feeling very hungry.
The basilisk barely misses you.
Unknown command.
You hit the basilisk but do no damage. Your kick misses the basilisk.
The basilisk is heavily wounded.
The crocodile bites you! The basilisk gazes at you.
You resist with almost no effort.
An adder comes into view.
Huge Dmg: -24%(-19hp) hp: 76%(60hp)
You hit the basilisk. You freeze the basilisk. Your kick misses the basilisk.
The basilisk is heavily wounded.
The crocodile barely misses you.
The basilisk bites you but does no damage.
Unknown command.
You hit the basilisk. You freeze the basilisk.
The basilisk is severely wounded.
The crocodile bites you!
The basilisk bites you but does no damage.
Damage: -12%(-10hp) hp: 64%(50hp) Unknown command.
Unknown command.
You hit the basilisk.
The basilisk seems to slow down.
You freeze the basilisk. You kick the basilisk.
The basilisk is almost dead.
The crocodile bites you but does no damage.
Unknown command.
You closely miss the basilisk.
The basilisk is almost dead.
The basilisk is no longer moving slowly.
The adder bites you but does no damage. The crocodile bites you!
The basilisk bites you but does no damage.
Damage: -11%(-9hp) hp: 54%(42hp) Unknown command.
You hit the basilisk. You freeze the basilisk. Your kick misses the basilisk.
The basilisk is almost dead.
The adder barely misses you. The crocodile bites you!
* * * LOW HITPOINT WARNING * * *
The basilisk gazes at you. You resist with almost no effort.
The adder barely misses you.
Huge Dmg: -17%(-13hp) hp: 37%(29hp)
The flow of time bends around you.
The basilisk resists with some effort.
Cheibriados rebukes the adder.
The adder seems to slow down.
The crocodile resists with some effort.
You feel slightly more hungry. The crocodile barely misses you.
The basilisk gazes at you. You resist with almost no effort.
The adder bites you.
* * * LOW HITPOINT WARNING * * *
Damage: -2%(-2hp) hp: 35%(27hp) Unknown command.
You closely miss the basilisk.
The basilisk is almost dead.
The crocodile barely misses you. The basilisk gazes at you.
You resist with almost no effort.
A porcupine comes into view.
You closely miss the basilisk.
You kick the basilisk, but do no damage.
The basilisk is almost dead.
The adder barely misses you. The crocodile bites you!
* * * LOW HITPOINT WARNING * * *
The basilisk bites you!
You die...

.♣..P. ..... #... #. #..
#.# #.# #.#####r# #.......#
#.....tS####..
####.....@l......
##..........#.###.
##........?....#
#............###
#............#
#............#
#....................##....
#...........###......#....#
##........................
.


You could see a basilisk, a crocodile, a porcupine and an adder.

Vanquished Creatures
  Grinder (D:6)
  A spriggan (D:8)
  A steam dragon (D:7)
  A porcupine (D:8)
  2 sky beasts
  2 ice beasts
  2 orc warriors
  A necrophage (D:6)
  2 ogres
  A crocodile (D:8)
  A big kobold (D:7)
  A bullfrog (D:7)
  A scorpion (D:5)
  5 wights (D:6)
  2 bullfrog zombies
  4 crimson imps
  2 orc priests
  A gnoll shaman (D:7)
  A hound (D:7)
  3 human zombies (D:7)
  3 jellies
  An iguana (D:7)
  3 orc wizards
  2 worker ants
  2 hound zombies
  3 mummies (Ossuary)
  A hound skeleton (D:5)
  4 gnolls (D:7)
  4 adders
  11 oozes
  2 adder skeletons
  3 adder zombies
  2 worms
  3 dart slugs (D:1)
  8 leopard geckos
  24 orcs
  3 ball pythons
  3 bats (D:1)
  8 giant cockroaches
  11 goblins
  2 hobgoblins (D:2)
  5 jackals (D:1)
  2 quokkas
  3 frilled lizards
  A goblin zombie (Ossuary)
  4 hobgoblin zombies (Ossuary)
  15 kobolds
  2 kobold zombies (Ossuary)
  2 orc skeletons (D:7)
  An orc zombie (D:7)
  5 quokka zombies (Ossuary)
  4 rats
  4 rat zombies (Ossuary)
186 creatures vanquished.

Vanquished Creatures (others)
  4 fungi
  3 plants (D:8)
  6 toadstools (D:3)
13 creatures vanquished.

Grand Total: 199 creatures vanquished

Notes
Turn   | Place    | Note
-------+----------+-------------------------------------------
     0 | D:1      | dstrtnsr the Centaur Earth Elementalist began the quest for the Orb.
     0 | D:1      | Reached XP level 1. HP: 14/14 MP: 3/3
   185 | D:1      | Reached XP level 2. HP: 22/22 MP: 0/4
   224 | D:1      | Reached skill level 1 in Fighting
   380 | D:1      | HP: 9/23 [leopard gecko (5)]
   385 | D:1      | Reached XP level 3. HP: 9/28 MP: 0/5
   408 | D:1      | HP: 10/28 [giant cockroach (1)]
   529 | D:1      | HP: 11/29 [jackal (2)]
   566 | D:1      | HP: 10/29 [leopard gecko (3)]
   613 | D:2      | HP: 10/29 [worm (4)]
   684 | D:2      | HP: 11/29 [goblin/club (2)]
   687 | D:2      | Reached skill level 2 in Fighting
  1145 | D:3      | Reached XP level 4. HP: 36/36 MP: 6/6
  1154 | D:3      | Reached skill level 1 in Short Blades
  1208 | D:3      | HP: 14/37 [acid (7)]
  1212 | D:3      | Reached XP level 5. HP: 16/42 MP: 5/7
  1214 | D:3      | HP: 15/42 [ooze (1)]
  1221 | D:3      | HP: 10/42 [ooze (4)]
  1228 | D:3      | HP: 9/42 [ooze (2)]
  1242 | D:3      | HP: 9/42 [ooze (1)]
  1273 | D:3      | HP: 12/44 [ooze (1)]
  1275 | D:3      | Reached skill level 3 in Fighting
  1414 | D:4      | Found a blossoming altar of Fedhas.
  1479 | D:4      | Found a staircase to the Ecumenical Temple.
  1485 | Temple   | Entered the Ecumenical Temple
  1496 | Temple   | Became a worshipper of Cheibriados the Contemplative
  1610 | D:4      | Found an ancient bone altar of Kikubaaqudgha.
  1649 | D:5      | Entered Level 5 of the Dungeon
  1689 | D:5      | Reached skill level 4 in Fighting
  1778 | D:4      | Reached XP level 6. HP: 45/52 MP: 8/8
  1831 | D:5      | Found a basalt altar of Yredelemnul.
  1848 | D:5      | Reached skill level 5 in Fighting
  1891 | D:5      | Got a brightly glowing ivory amulet
  1892 | D:5      | Identified the amulet of Junom {Harm *Drain rC++ MR++ Slay+3} (You found it on level 5 of the Dungeon)
  2014 | D:5      | Reached XP level 7. HP: 32/62 MP: 7/9
  2020 | D:5      | Learned a level 4 spell: Petrify
  2023 | D:5      | Learned a level 2 spell: Passwall
  2060 | D:5      | Reached skill level 6 in Fighting
  2060 | D:5      | Reached skill level 1 in Transmutations
  2060 | D:5      | Reached skill level 1 in Evocations
  2325 | D:6      | Noticed Grinder
  2343 | D:6      | Killed Grinder
  2343 | D:6      | Reached XP level 8. HP: 53/71 MP: 6/11
  2357 | D:6      | Reached * piety under Cheibriados
  2385 | D:6      | Found Taerat's Armour Emporium.
  2388 | D:6      | Bought a +0 shield for 49 gold pieces
  2431 | D:6      | Found a radiant altar of Vehumet.
  2507 | D:6      | HP: 22/71 [wight/flail (13)]
  2508 | D:6      | HP: 10/71 [wight/flail (1)]
  2509 | D:6      | Reached skill level 7 in Fighting
  2531 | D:6      | Noticed a two-headed ogre
  2612 | D:6      | Found a runed door.
  2860 | D:7      | Found a sand-covered staircase.
  2873 | Ossuary  | Entered an ossuary
  3078 | D:7      | Found Qoosis's Armour Shop.
  3094 | D:7      | Reached skill level 5 in Transmutations
  3094 | D:7      | Reached XP level 9. HP: 66/79 MP: 4/12
  3097 | D:7      | Reached skill level 5 in Earth Magic
  3122 | D:7      | Upgraded the game from 0.22-a0-369-gc73351f to 0.22-a0-373-gab1296c
  3325 | D:8      | Reached ** piety under Cheibriados
  3329 | D:8      | HP: 24/79 [porcupine (10)]
  3343 | D:7      | HP: 21/79 [orc warrior/short sword (4)]
  3346 | D:7      | Found a sparkling altar of Nemelex Xobeh.
  3346 | D:7      | Found a blossoming altar of Fedhas.
  3347 | D:7      | Found a glowing golden altar of the Shining One.
  3356 | D:7      | HP: 21/79 [orc/falchion (3)]
  3361 | D:7      | HP: 17/79 [orc/flail (4)]
  3365 | D:7      | Found a stormy altar of Qazlal.
  3512 | D:7      | Noticed Joseph
  3562 | D:8      | Found a shattered altar of Ashenzari.
  3588 | D:8      | Learned a level 5 spell: Lee's Rapid Deconstruction
  3701 | D:8      | HP: 29/79 [crocodile (13)]
  3704 | D:8      | HP: 9/79 [crocodile (19)]
  3704 | D:8      | Slain by a basilisk

Vault maps used:
D:1:      ncdulo_watergridlock, minmay_misc_feat_plants, minmay_pentomino_r4
D:3:      cheibrodos_fertilizer, serial_forest, infiniplex_forest_lined_ring,
          infiniplex_forest_clump_curved, infiniplex_forest_straight_1,
          infiniplex_forest_lined_corner, infiniplex_forest_clump_tiny,
          infiniplex_forest_end_2, infiniplex_forest_end_3,
          infiniplex_forest_join, infiniplex_forest_clump_cross
D:4:      kiku_gazebo_garden_becter, minmay_temple_entry_hall, minivault_1,
          fedhas_altar_3, uniq_ijyb
D:5:      kennysheep_mini_moat, first_ration, uniq_crazy_yiuf_cottage
D:6:      vehumet_altar_wand_db, serial_shops, kennysheep_mini,
          lightli_church_of_beogh, uniq_grinder
D:7:      grunt_temple_overflow_open, serial_shops, shop,
          nicolae_ossuary_entry_catacombs, uniq_joseph
D:8:      minmay_overflow_temple_star_quad, overflow_temple_1_default,
          minmay_lair_entry_grove, grunt_pizzeria
Temple:   compressed_dpeg_triangle_lava_temple
Ossuary:  ossuary_minmay_chase

Skill      XL: |  1  2  3  4  5  6  7  8  9 |
---------------+----------------------------+-----
Earth Magic    | 3 4 5 |  5.6
Fighting       | 1 2 4 5 6 7 |  7.1
Short Blades   | 2 3 |  3.2
Transmutations | 3 5 |  5.7
Evocations     | 2 4 |  4.0
Spellcasting   | 2 3 |  3.2
Dodging        | |  1.3
Stealth        | |  1.1

Action                   |  1- 3 |  4- 6 |  7- 9 || total
-------------------------+-------+-------+-------++-------
Melee: Unarmed           |   102 |       |       ||   102
       Kick              |    20 |    30 |    71 ||   121
       Dagger            |    36 |   146 |   127 ||   309
       Short sword       |    16 |       |   122 ||   138
 Cast: Sandblast         |    26 |    14 |    34 ||    74
       Petrify           |       |       |    10 ||    10
       Passwall          |       |       |     2 ||     2
Invok: Bend Time         |       |       |     2 ||     2
Evoke: Wand              |       |       |    32 ||    32
  Use: Scroll            |     2 |     3 |    11 ||    16
 Stab: Petrified         |       |       |    17 ||    17
       Petrifying        |       |       |     1 ||     1
  Eat: Chunk             |     1 |     3 |     6 ||    10
Armor: Robe              |    96 |    46 |    39 ||   181
       Ring mail         |       |       |    16 ||    16
       Steam dragon scal |       |       |    24 ||    24
Dodge: Dodged            |    77 |    42 |    86 ||   205

Table legend:
 A = Spawn XP
 B = Non-spawn XP
 C = Spawn XP percentage of total XP
 D = Spawn monster count
 E = Non-spawn monster count
 F = Spawn count percentage of total count
 G = Total turns spent on level
                    A         B        C        D         E        F      G
               +---------+---------+-------+---------+---------+-------+---------
         Total |       0 |    4087 |   0.0 |       0 |     185 |   0.0 |  3704
               +---------+---------+-------+---------+---------+-------+---------
           D:1 |       0 |      63 |   0.0 |       0 |      30 |   0.0 |   605
           D:2 |       0 |      21 |   0.0 |       0 |      10 |   0.0 |   337
           D:3 |       0 |     170 |   0.0 |       0 |      26 |   0.0 |   440
           D:4 |       0 |      76 |   0.0 |       0 |       7 |   0.0 |   259
           D:5 |       0 |     884 |   0.0 |       0 |      25 |   0.0 |   585
           D:6 |       0 |     841 |   0.0 |       0 |      15 |   0.0 |   396
           D:7 |       0 |    1117 |   0.0 |       0 |      35 |   0.0 |   701
           D:8 |       0 |     835 |   0.0 |       0 |      16 |   0.0 |   192
       Ossuary |       0 |      80 |   0.0 |       0 |      21 |   0.0 |   167
               +---------+---------+-------+---------+---------+-------+---------
